 Dungeon Crawl Stone Soup version 0.29-a0-541-gaf1fc19f1b (webtiles) character file.

Game seed: 17803069754924249284

480 sizableburger the Poker (level 6, 0/33 HPs)
             Began as a Deep Elf Fighter on May 29, 2022.
             Was a Follower of Hepliaklqana.
             Slain by a water moccasin (8 damage)
             ... on level 5 of the Dungeon on June 2, 2022.
             The game lasted 00:08:12 (4556 turns).

sizableburger the Poker (Deep Elf Fighter)          Turns: 4556, Time: 00:08:13

Health: 0/33       AC:  6    Str: 15    XL:     6   Next: 86%
Magic:  8/8        EV: 10    Int: 13    God:    Hepliaklqana [*.....]
Gold:   183        SH:  4    Dex: 14    Spells: 5/5 levels left

rFire   . . .      SeeInvis .   a - +0 trident
rCold   . . .      Faith    .   c - +0 buckler
rNeg    + . .      Spirit   .   b - +0 scale mail
rPois   .          Reflect  .   (no helmet)
rElec   .          Harm     .   (no cloak)
rCorr   .          Rampage  .   (no gloves)
Will    .....                   (no boots)
Stlth   ..........              (no amulet)
HPRegen 0.11/turn               g - ring of positive energy
MPRegen 0.11/turn               (no ring)

@: lethally poisoned (0 -> -8), flying
A: reduced essence
a: Renounce Religion, Recall Ancestor, Ancestor Identity


You were on level 5 of the Dungeon.
You worshipped Hepliaklqana.
Hepliaklqana was aware of your devotion.
You visited 1 branch of the dungeon, and saw 5 of its levels.

You collected 183 gold pieces.

Inventory:

Hand Weapons
 a - a +0 trident (weapon)
Missiles
 e - 6 boomerangs (quivered)
 h - 2 poisoned darts
Armour
 b - a +0 scale mail (worn)
 c - a +0 buckler (worn)
Jewellery
 g - a ring of positive energy (left hand)
Scrolls
 j - a scroll of vulnerability {unknown}
 l - a scroll of teleportation
 n - a scroll of amnesia {unknown}
Potions
 m - a potion of haste {unknown}


   Skills:
 - Level 3.0 Fighting
 + Level 4.8 Polearms
 - Level 2.4 Armour
 - Level 3.7 Dodging
 - Level 2.4 Shields


You had 5 spell levels left.
You didn't know any spells.
Your spell library contained the following spells:

 Spells                   Type           Power      Damage    Failure   Level
 Conjure Flame            Conj/Fire      0%         6-21      99%         3
 Ignite Poison            Fire/Tmut/Pois 0%         N/A       99%         3
 Tukima's Dance           Hex            0%         N/A       99%         3
 Animate Dead             Necr           0%         N/A       100%        4
 Passage of Golubria      Tloc           0%         N/A       100%        4
 Sticky Flame             Conj/Fire      0%         2d3       100%        4
 Borgnjor's Vile Clutch   Necr/Erth      0%         N/A       100%        5
 Yara's Violent Unravell  Hex/Tmut       0%         3d3       100%        5
 Death Channel            Necr           0%         N/A       100%        6


Dungeon Overview and Level Annotations

Branches:
Dungeon (5/15)
 Temple: D:4-7

Altars:
Cheibriados
Hepliaklqana
Trog
Xom

Shops:
D:2 (

Annotations:
D:5 2 transporters, purpskrrrp's ghost, weakling DrDe


Message History

The water moccasin bites you.
You are too injured to fight recklessly!
You hit the water moccasin but do no damage.
The water moccasin is severely wounded.
You feel sick.
The water moccasin bites you but does no damage.
The water moccasin bites you.
You feel better. The water moccasin bites you.
You barely miss the water moccasin.
The water moccasin is heavily wounded.
The water moccasin closely misses you. The water moccasin barely misses you.
You closely miss the water moccasin.
The water moccasin is heavily wounded.
The water moccasin closely misses you.
You miss the water moccasin.
The water moccasin is heavily wounded.
The water moccasin barely misses you.
The water moccasin bites you but does no damage.
You closely miss the water moccasin.
The water moccasin is heavily wounded.
The water moccasin bites you.
You are poisoned.
The water moccasin poisons you! The water moccasin barely misses you.
Okay, then.
You aren't carrying any items that you can evoke.
Okay, then.
It was a potion of cancellation.
You feel magically purged.
You feel very sick. The water moccasin bites you.
* * * LOW HITPOINT WARNING * * *
You feel better. The water moccasin bites you.
You are lethally poisoned!
The water moccasin poisons you!
It was a potion of flight.
You feel very buoyant.
You fly up into the air.
* * * LOW HITPOINT WARNING * * *
You feel very sick. The water moccasin bites you!
You die...

..........# ###..# ###
.........###...#.. #..
.........##..#..###!.#.
.....###.###...#...#..
.....#....#####.$©[?#
.....#.....############
.. #...........©.....
#.......+.....#.
#####...#..@..#
#...###S#......#
+.......#......#
#...S...#......#
#.......#......#
#.......#......#
#.......#......#
#.......######..
#........


You could see a water moccasin.

Vanquished Creatures
  Menkaure (D:4)
  A jelly (D:4)
  An orc priest (D:5)
  2 adders
  3 gnolls (D:4)
  4 worms
  2 dart slugs
  An orc (D:3)
  4 ball pythons
  10 endoplasms
  2 giant cockroaches (D:4)
  7 goblins
  3 hobgoblins
  2 jackals (D:1)
  5 quokkas
  3 bats
  A frilled lizard (D:2)
  5 kobolds
  4 rats
61 creatures vanquished.

Vanquished Creatures (collateral kills)
  An ogre (D:4)
  A scorpion (D:5)
  An iguana (D:4)
  4 orcs (D:5)
  A quokka (D:4)
8 creatures vanquished.

Vanquished Creatures (others)
  3 ancestors
3 creatures vanquished.

Grand Total: 72 creatures vanquished

Notes
Turn   | Place    | Note
-------+----------+-------------------------------------------
     0 | D:1      | sizableburger the Deep Elf Fighter began the quest for the
                  | Orb.
     0 | D:1      | Reached XP level 1. HP: 13/13 MP: 3/3
   229 | D:1      | Reached XP level 2. HP: 18/18 MP: 4/4
   565 | D:1      | You fall into a shaft and drop 1 floor!
   650 | D:2      | Reached skill level 2 in Polearms
   949 | D:2      | Reached XP level 3. HP: 7/22 MP: 5/5
  1198 | D:2      | Found a snail-covered altar of Cheibriados.
  2132 | D:2      | Found Vofostou's Weapon Shoppe.
  2141 | D:2      | Upgraded the game from 0.29-a0-512-gf59ac788ac to
                  | 0.29-a0-541-gaf1fc19f1b
  2577 | D:3      | Found a shimmering altar of Xom.
  2582 | D:3      | Found a hazy altar of Hepliaklqana.
  2583 | D:3      | Noticed a spectral ugly thing
  2645 | D:3      | Became a worshipper of Hepliaklqana the Forgotten
  2752 | D:3      | Reached skill level 1 in Dodging
  3125 | D:3      | Reached XP level 4. HP: 22/28 MP: 6/6
  3373 | D:3      | Noticed a necrophage
  3794 | D:4      | Reached skill level 3 in Polearms
  3842 | D:4      | Reached * piety under Hepliaklqana
  3851 | D:4      | Reached XP level 5. HP: 18/28 MP: 7/7
  3988 | D:4      | Noticed an ogre
  3996 | D:4      | Killed an ogre
  4066 | D:4      | Found a bloodstained altar of Trog.
  4080 | D:4      | Noticed Menkaure
  4097 | D:4      | Killed Menkaure
  4098 | D:4      | Reached skill level 4 in Polearms
  4098 | D:4      | Reached XP level 6. HP: 33/33 MP: 8/8
  4347 | D:5      | Entered Level 5 of the Dungeon
  4365 | D:5      | Noticed purpskrrrp's ghost (weakling DrDe)
  4526 | D:5      | Found a transporter.
  4531 | D:5      | Found a transporter.
  4534 | D:5      | Noticed a water moccasin
  4556 | D:5      | Slain by a water moccasin

Illustrated notes

Levels and vault maps discovered:
D:1:      dpeg_arrival_oval, layout_basic
D:2:      layout_basic, serial_shops, nicolae_diamond_shop, basic_altar
D:3:      minmay_wonky_spiral, layout_loops_ring, regret_index_temple_of_mockery
D:4:      layout_basic, nicolae_overflow_crystal_walls, uniq_menkaure
D:5:      layout_gridville, gammafunk_ghost_hive

Skill      XL: |  1  2  3  4  5 |
---------------+----------------+-----
Polearms       | 2 3 4 |  4.8
Fighting       | 3 |  3.0
Dodging        | 1 2 3 |  3.7
Armour         | |  2.4
Shields        | |  2.4

Action                   |  1- 3 |  4- 6 || total
-------------------------+-------+-------++-------
Melee: Trident           |   147 |   103 ||   250
Throw: Boomerang         |       |     5 ||     5
       Dart              |       |     2 ||     2
Invok: Ancestor Identity |       |     1 ||     1
  Use: Potion            |       |     9 ||     9
       Scroll            |       |     3 ||     3
 Stab: Distracted        |       |     1 ||     1
Armor: Scale mail        |    45 |    24 ||    69
Dodge: Dodged            |    44 |    27 ||    71
Block: Buckler           |    25 |    12 ||    37

Table legend: (Time is in decaauts)
 A = Elapsed time spent in this place.
 B = Non-inter-level travel time spent in this place.
 C = Inter-level travel time spent in this place.
 D = Time resting spent in this place.
 E = Time spent auto-exploring this place.
 F = Levels seen in this place.
 G = Mean time per level.
                   A        B        C        D        E       F      G
               +--------+--------+--------+--------+--------+-----+--------+
         Total |   4608 |   4477 |    131 |    884 |   2977 |   5 |  921.6 |
       Dungeon |   4608 |   4477 |    131 |    884 |   2977 |   5 |  921.6 |
               +--------+--------+--------+--------+--------+-----+--------+

Top non-repeatable levels by time:
     D:2: 1261 daAuts
     D:3: 1109 daAuts
     D:1: 1059 daAuts
     D:4: 966 daAuts
     D:5: 212 daAuts
